 Dungeon Crawl Stone Soup version 0.20-a0-540-ge6d1839 (webtiles) character file.

13675 kae the Martial Artist (level 11, -4/92 HPs)
             Began as a Pale Draconian Transmuter on Jan 29, 2017.
             Was a High Priest of Okawaru.
             Slain by a seven-headed hydra (12 damage)
             ... on level 5 of the Lair of Beasts.
             The game lasted 00:13:53 (13815 turns).

kae the Martial Artist (Pale Draconian Transmuter) Turns: 13815, Time: 00:13:54

Health: -4/92      AC:  8    Str: 14    XL:     11   Next: 78%
Magic:  14/20      EV: 19    Int: 13    God:    Okawaru [*****.]
Gold:   692        SH:  0    Dex: 14    Spells: 13/22 levels left

rFire    . . .     SeeInvis .     - Unarmed
rCold    . . .     Gourm    .   (armour unavailable)
rNeg     . . .     Faith    .   (no shield)
rPois    .         Spirit   .   (helmet restricted)
rElec    .         Reflect  .   d - +0 cloak
rCorr    .         Harm     .   (no gloves)
MR       .....                  (no boots)
Stlth    +++.......             (no amulet)
Regen    0.3/turn               v - +3 ring of evasion
                                q - +4 ring of slaying

@: appendage (expiring), heroism, finesse
A: breathe steam, unfitting armour, horns 2, cold-blooded, AC +7
a: Breathe Steam, End Transformation, Heroism, Finesse, Renounce Religion


You were on level 5 of the Lair of Beasts.
You worshipped Okawaru.
Okawaru was extremely pleased with you.
You were hungry.
You had grown temporary horns.
You visited 3 branches of the dungeon, and saw 14 of its levels.
You also visited: Ossuary.

You collected 740 gold pieces.
You spent 48 gold pieces at shops.

Inventory:

Hand Weapons
 i - a +3 mace of holy wrath
Missiles
 a - 224 arrows
Armour
 d - a +0 cloak (worn)
Jewellery
 q - a +4 ring of slaying (left hand)
 v - a +3 ring of evasion (right hand)
 z - an uncursed ring of protection from cold
Wands
 l - a wand of polymorph (3/24)
 m - a wand of lightning (6/15)
 r - a wand of enslavement (5/24)
 s - a wand of iceblast (10/15)
 x - a wand of digging (24/24)
 C - a wand of flame (30/48)
 E - a wand of polymorph (16/24)
 G - a wand of flame (22/48)
 H - a wand of random effects (20/48)
 I - a wand of polymorph (11/24)
Scrolls
 e - 8 scrolls of remove curse
 j - a scroll of immolation
 u - 2 scrolls of magic mapping
 y - 3 scrolls of recharging
 B - a scroll of identify
 L - a scroll of teleportation
Potions
 f - 3 potions of curing
 g - a potion of lignification
 k - 6 potions of flight
 n - a potion of agility
 o - 2 potions of might
 p - 5 potions of heal wounds
 t - 2 potions of mutation
 w - a potion of brilliance
 A - a potion of invisibility
 J - a potion of magic
Books
 b - a book of Changes

   Spells                             Type                      Level
   a - Beastly Appendage              Transmutation                1
   b - Sticks to Snakes               Transmutation                2
   c - Spider Form                    Transmutation/Poison         3
   d - Ice Form                       Ice/Transmutation            4
   e - Blade Hands                    Transmutation                5
Comestibles
 c - 3 bread rations
 h - 3 royal jellies
 D - 5 meat rations
 F - 23 fruits


   Skills:
 + Level 7.5(12.5) Fighting
 - Level 1.7(6.7) Dodging
 * Level 10.5(15.5) Unarmed Combat
 + Level 6.4 Spellcasting
 * Level 10.0 Transmutations
 * Level 9.9 Invocations


You had 13 spell levels left.
You knew the following spells:

 Your Spells              Type           Power        Failure   Level  Hunger
a - Beastly Appendage     Tmut           ####..       1%          1    None
b - Spider Form           Tmut/Pois      ###.......   8%          3    ###....
c - Blade Hands           Tmut           ####......   10%         5    ######.


Dungeon Overview and Level Annotations

Branches:
Dungeon (9/15)             Temple (1/1) D:4            Lair (5/6) D:8
  Slime (0/5) Lair:5
  Swamp: Lair:2-4    Shoals: Lair:2-4     Snake: Lair:2-4    Spider: Lair:2-4
    Orc: D:9-12

Altars:
Ashenzari
Cheibriados
Dithmenos
Elyvilon
Fedhas
Hepliaklqana
Kikubaaqudgha
Makhleb
Nemelex Xobeh
Okawaru
Qazlal
Ru
Sif Muna
Trog
Uskayaw
Vehumet
Xom
Yredelemnul
Zin
The Shining One

Shops:
D:5 !


Innate Abilities, Weirdness & Mutations

You can breathe blasts of scalding, opaque steam.
Your pale cyan-grey scales are hard. (AC +7)
You cannot fit into any form of body armour.
You are cold-blooded and may be slowed by cold attacks.
You have a pair of horns on your head.


Message History

The seven-headed hydra barely misses you. x2
The seven-headed hydra closely misses you.
The seven-headed hydra misses you. The seven-headed hydra bites you! x2
The seven-headed hydra misses you.
You punch the seven-headed hydra!
The seven-headed hydra is lightly wounded.
You pummel the seven-headed hydra!!
The seven-headed hydra is heavily wounded.
You punch the seven-headed hydra! x2
The seven-headed hydra is severely wounded.
The seven-headed hydra bites you.
* * * LOW HITPOINT WARNING * * *
The seven-headed hydra closely misses you. x2
The seven-headed hydra bites you!
* * * LOW HITPOINT WARNING * * *
The seven-headed hydra bites you but does no damage.
The seven-headed hydra bites you.
* * * LOW HITPOINT WARNING * * *
The seven-headed hydra bites you!
You die...

##............P.P#
##P..#.#P.....###
#.†#######..P#
#..### #P..##
##...# ##...#
##..####....##
#...##.##..#.#
#......P##..##
#......D@..##
############


You could see a seven-headed hydra.

Vanquished Creatures
  Fannar (Lair:2)
  Nergalle (Lair:1)
  2 spiny frogs
  Psyche (D:9)
  A centaur skeleton (D:8)
  A rime drake (Lair:3)
  2 komodo dragons
  A hornet (Lair:2)
  Prince Ribbit (D:5)
  3 blink frogs (Lair:2)
  Grinder (D:5)
  3 hippogriffs
  10 yaks
  3 wyverns
  Menkaure (D:5)
  6 water moccasins
  10 porcupines
  Duvessa (D:5)
  4 ice beasts
  2 sky beasts
  2 necrophages
  A phantom (D:9)
  2 orc warriors
  3 ogres
  5 centaurs
  4 wolves (Lair:2)
  A big kobold (D:9)
  5 crocodiles
  Blork the orc (D:5)
  8 bullfrogs
  An elf zombie (Ossuary)
  Dowan (D:5)
  A scorpion (D:7)
  2 water moccasin skeletons
  8 killer bees
  2 howler monkeys
  3 crimson imps
  A bullfrog zombie (D:6)
  2 centaur zombies (Ossuary)
  3 hounds
  A jelly (D:9)
  5 orc wizards
  3 orc priests
  A human zombie (Ossuary)
  Crazy Yiuf (D:3)
  5 bullfrog skeletons
  Jessica (D:3)
  3 iguanas
  Ijyb (D:3)
  5 worker ants
  2 big kobold zombies (Ossuary)
  3 mummies (Ossuary)
  2 worker ant zombies
  Robin (D:3)
  14 adders
  2 shadow imps
  An ooze (D:3)
  3 adder zombies
  2 worms
  7 leopard geckos
  24 orcs
  A ball python (D:1)
  5 bats
  8 giant cockroaches
  23 goblins
  12 hobgoblins
  11 jackals
  3 quokkas
  8 frilled lizards
  3 gnoll zombies (Ossuary)
  2 goblin zombies (Ossuary)
  2 hobgoblin zombies (Ossuary)
  6 jackal zombies
  7 kobolds
  3 kobold zombies (Ossuary)
  4 orc zombies (Ossuary)
  3 quokka skeletons
  6 quokka zombies
  11 rats
  3 rat zombies (Ossuary)
319 creatures vanquished.

Vanquished Creatures (others)
  A fungus (Lair:1)
  A plant (Lair:3)
2 creatures vanquished.

Grand Total: 321 creatures vanquished

Notes
Turn   | Place    | Note
-------+----------+-------------------------------------------
     0 | D:1      | kae the Draconian Transmuter began the quest for the Orb.
     0 | D:1      | Reached XP level 1. HP: 16/16 MP: 3/3
     0 | D:1      | Noticed a minotaur zombie
     5 | D:1      | Noticed a minotaur zombie
     6 | D:1      | Noticed a minotaur zombie
     7 | D:1      | Noticed a merfolk zombie
   280 | D:1      | Reached XP level 2. HP: 23/23 MP: 3/5
   850 | D:2      | Reached XP level 3. HP: 19/28 MP: 6/6
  1019 | D:2      | Found a hide-covered altar of Uskayaw.
  1024 | D:2      | Found a sparkling altar of Nemelex Xobeh.
  1024 | D:2      | Found a hazy altar of Hepliaklqana.
  1025 | D:2      | Found a shimmering altar of Xom.
  1123 | D:2      | Found a shadowy altar of Dithmenos.
  1576 | D:2      | Reached XP level 4. HP: 33/36 MP: 5/7
  1875 | D:3      | Found a faded altar of an unknown god.
  1904 | D:3      | Noticed Ijyb
  1919 | D:3      | Killed Ijyb
  1995 | D:3      | Noticed Robin
  2008 | D:3      | Killed Robin
  2008 | D:3      | Reached XP level 5. HP: 26/41 MP: 6/8
  2525 | D:3      | Noticed Jessica
  2531 | D:3      | Killed Jessica
  2723 | D:3      | Found a runed door.
  2731 | D:3      | Noticed Crazy Yiuf
  2744 | D:3      | Killed Crazy Yiuf
  3010 | D:4      | Reached XP level 6. HP: 48/50 MP: 10/10
  3108 | D:4      | Found a staircase to the Ecumenical Temple.
  3115 | Temple   | Entered the Ecumenical Temple
  3165 | Temple   | Became a worshipper of Warmaster Okawaru
  3435 | D:4      | Reached skill level 1 in Invocations
  3686 | D:4      | Found a sand-covered staircase.
  3692 | Ossuary  | Entered an ossuary
  3752 | Ossuary  | Reached skill level 5 in Unarmed Combat
  3752 | Ossuary  | Your scales start taking on a pale cyan-grey colour.
  3752 | Ossuary  | Reached XP level 7. HP: 14/57 MP: 10/12
  3754 | Ossuary  | Reached * piety under Okawaru
  4636 | D:5      | Entered Level 5 of the Dungeon
  4636 | D:5      | Found Idikhlass's Distillery.
  4636 | D:5      | Found a basalt altar of Yredelemnul.
  4639 | D:5      | Found a radiant altar of Vehumet.
  4644 | D:5      | Bought a potion of might for 48 gold pieces
  4645 | D:5      | Noticed Prince Ribbit
  4652 | D:5      | Killed Prince Ribbit
  4796 | D:5      | Reached skill level 5 in Transmutations
  4936 | D:5      | Noticed Duvessa
  4937 | D:5      | Noticed Dowan
  4946 | D:5      | Killed Duvessa
  4946 | D:5      | Reached XP level 8. HP: 57/66 MP: 9/13
  4949 | D:5      | Killed Dowan
  5027 | D:5      | Reached ** piety under Okawaru
  5199 | D:5      | Noticed Grinder
  5214 | D:5      | Killed Grinder
  5485 | D:5      | Noticed Menkaure
  5507 | D:6      | Reached skill level 5 in Invocations
  5553 | D:6      | Learned a level 3 spell: Spider Form
  5724 | D:5      | Killed Menkaure
  5762 | D:5      | Noticed Blork the orc
  5771 | D:5      | Killed Blork the orc
  5771 | D:5      | Reached *** piety under Okawaru
  5771 | D:5      | Reached XP level 9. HP: 68/72 MP: 9/15
  5802 | D:5      | Found a glowing silver altar of Zin.
  6114 | D:6      | Reached skill level 5 in Fighting
  6735 | D:7      | Found an ancient bone altar of Kikubaaqudgha.
  7240 | D:7      | Reached **** piety under Okawaru
  7545 | D:8      | Reached skill level 5 in Spellcasting
  7638 | D:8      | Found a white marble altar of Elyvilon.
  7840 | D:8      | Reached XP level 10. HP: 69/82 MP: 17/17
  8742 | D:8      | Found a staircase to the Lair.
  9284 | D:9      | Noticed Psyche
  9296 | D:9      | Killed Psyche
  9635 | D:9      | Reached ***** piety under Okawaru
 10117 | Lair:1   | Entered Level 1 of the Lair of Beasts
 10213 | Lair:1   | Received a gift from Okawaru
 10416 | Lair:1   | Learned a level 5 spell: Blade Hands
 10561 | Lair:1   | Noticed a spiny frog
 10576 | Lair:1   | Killed a spiny frog
 10857 | Lair:1   | Noticed Nergalle
 10871 | Lair:1   | Killed Nergalle
 10871 | Lair:1   | Received a gift from Okawaru
 10871 | Lair:1   | Reached XP level 11. HP: 82/91 MP: 14/19
 11258 | Lair:2   | Noticed Fannar
 11272 | Lair:2   | Killed Fannar
 12187 | Lair:2   | Reached skill level 10 in Unarmed Combat
 13563 | Lair:3   | Reached skill level 10 in Transmutations
 13705 | Lair:3   | You fall through a shaft for 2 floors!
 13782 | Lair:5   | Noticed a seven-headed hydra
 13815 | Lair:5   | Slain by a seven-headed hydra

Vault maps used:
D:1:      shiori_arrival_whats_in_store_for_you
D:2:      chequers_temple_overflow_statue_of_worship,
          grunt_dithmenos_smoke_and_mirrors
D:3:      first_bread, chequers_ecumenical_altar_simple_redux, uniq_robin,
          uniq_iyjb, uniq_crazy_yiuf_cottage, uniq_jessica
D:4:      minmay_temple_entry_hall, enter_ossuary_1, minmay_distorted
D:5:      nicolae_overflow_hidden_temple, serial_shops, shop, uniq_duvessa,
          uniq_menkaure, uniq_prince_ribbit1, uniq_grinder, uniq_blork_the_orc
D:6:      serial_park_tiny_pond
D:7:      basic_altar, grunt_ministairs_3
D:8:      grunt_lair_entry_orc_guard_hut, basic_altar
D:9:      blue_anna_alchemist, uniq_psyche
Temple:   dshaligram_water_room_temple
Lair:1:   uniq_nergalle
Lair:2:   uniq_fannar
Lair:5:   slime_altar_2, portal_ice_cave_rime, minivault_23, serial_bayou_pond_a
Ossuary:  minmay_ossuary_two_tombs

Skill      XL: |  1  2  3  4  5  6  7  8  9 10 11 |
---------------+----------------------------------+-----
Unarmed Combat | 4 5 6 8 9 10 | 10.5
Transmutations | 3 4 5 6 7 9 10 | 10.0
Fighting       | 2 3 4 5 6 7 |  7.5
Spellcasting   | 3 4 5 6 |  6.4
Invocations    | 1 3 5 6 8 9 |  9.9
Dodging        | |  1.7

Action                   |  1- 3 |  4- 6 |  7- 9 | 10-12 || total
-------------------------+-------+-------+-------+-------++-------
Melee: Unarmed           |    29 |       |   257 |   381 ||   667
       Tailslap          |     8 |    12 |    36 |    51 ||   107
       Mace              |    76 |   199 |    65 |       ||   340
       Headbutt          |     2 |     1 |     4 |     4 ||    11
       Punch             |     1 |     5 |     6 |    18 ||    30
       Kick              |     1 |     1 |     6 |     6 ||    14
 Cast: Beastly Appendage |     4 |     6 |    14 |     9 ||    33
       Spider Form       |       |       |     6 |     4 ||    10
       Blade Hands       |       |       |       |     3 ||     3
Invok: Heroism           |       |       |     8 |    19 ||    27
       Finesse           |       |       |       |     1 ||     1
 Abil: Breathe Steam     |       |       |     4 |       ||     4
  Use: Potion            |     1 |     2 |     1 |     2 ||     6
       Scroll            |       |     8 |     9 |     6 ||    23
 Stab: Sleeping          |     2 |     1 |       |     3 ||     6
       Distracted        |       |       |     1 |     3 ||     4
  Eat: Chunk             |     2 |     7 |    10 |    19 ||    38
       Meat ration       |       |       |     1 |       ||     1
       Fruit             |       |       |       |     1 ||     1
Armor: Skin              |    21 |    64 |    76 |    65 ||   226
Dodge: Dodged            |    68 |   148 |   267 |   271 ||   754
